 Dungeon Crawl Stone Soup version 0.20.0-8-g6b59dc7 (webtiles) character file.

12698 Ijustatesigmund the Cleaver (level 11, -4/97 HPs)
             Began as a Minotaur Fighter on June 1, 2017.
             Was an Elder of Okawaru.
             Slain by a six-headed hydra (6 damage)
             ... on level 12 of the Dungeon.
             The game lasted 00:28:25 (11082 turns).

Ijustatesigmund the Cleaver (Minotaur Fighter)     Turns: 11082, Time: 00:28:27

Health: -4/97      AC: 21    Str: 22    XL:     11   Next: 65%
Magic:  12/17      EV: 18    Int:  5    God:    Okawaru [****..]
Gold:   694        SH: 13    Dex: 15    Spells: 10/10 levels left

rFire    . . .     SeeInvis .   t - +5 flail "Buryl" {protect, rPois Dex+3}
rCold    . . .     Gourm    .   c - +0 shield
rNeg     + . .     Faith    .   b - +0 scale mail
rPois    +         Spirit   .   (helmet restricted)
rElec    .         Reflect  .   (no cloak)
rCorr    .         Harm     .   m - +2 pair of gloves
MR       .....                  (no boots)
Stlth    ++........             (no amulet)
Regen    0.3/turn               p - +3 ring of evasion
MPRegen  0.2/turn               u - ring of positive energy

@: heroism, finesse, protection aura, very slightly contaminated, hasted, very
quick
A: retaliatory headbutt, horns 2
a: Heroism, Renounce Religion


You were on level 12 of the Dungeon.
You worshipped Okawaru.
Okawaru was greatly pleased with you.
You were not hungry.

You visited 2 branches of the dungeon, and saw 13 of its levels.

You collected 694 gold pieces.

Inventory:

Hand Weapons
 a - a +3 war axe
 t - the +5 flail "Buryl" (weapon) {protect, rPois Dex+3}
   (You found it on level 10 of the Dungeon)

   It protects the one who uses it against injury (+AC on strike).
   It affects your dexterity (+3).
   It protects you from poison.
Missiles
 z - 2 silver javelins (quivered)
Armour
 b - a +0 scale mail (worn)
 c - a +0 shield (worn)
 m - a +2 pair of gloves (worn)
Jewellery
 p - a +3 ring of evasion (left hand)
 u - a ring of positive energy (right hand)
 w - an uncursed ring of stealth
Wands
 q - a wand of polymorph (8/24)
 v - a wand of flame (25/48)
 A - a wand of disintegration (16/24)
Scrolls
 d - a scroll of immolation
 k - a scroll of enchant weapon
 l - 2 scrolls of amnesia
 r - a scroll of magic mapping
 x - 2 scrolls of enchant armour
 D - 4 scrolls of identify
 E - a scroll of teleportation
Potions
 j - 2 potions of magic
 o - a potion of ambrosia
 s - 2 potions of brilliance
 C - a potion of flight
Books
 i - a book of Conjurations

   Spells                             Type                      Level
   a - Magic Dart                     Conjuration                  1
   b - Searing Ray                    Conjuration                  2
   c - Dazzling Spray                 Conjuration/Hexes            3
   d - Fulminant Prism                Conjuration/Hexes            4
   e - Force Lance                    Conjuration/Translocation    4
   f - Iskenderun's Mystic Blast      Conjuration                  4
 n - a book of Callings

   Spells                             Type                      Level
   a - Summon Small Mammal            Summoning                    1
   b - Call Imp                       Summoning                    2
   c - Call Canine Familiar           Summoning                    3
   d - Summon Guardian Golem          Hexes/Summoning              3
   e - Summon Lightning Spire         Summoning/Air                4
   f - Summon Ice Beast               Ice/Summoning                4
 y - a book of Necromancy

   Spells                             Type                      Level
   a - Pain                           Necromancy                   1
   b - Animate Skeleton               Necromancy                   1
   c - Vampiric Draining              Necromancy                   3
   d - Regeneration                   Charms/Necromancy            3
   e - Animate Dead                   Necromancy                   4
   f - Control Undead                 Necromancy                   4
Comestibles
 f - 9 bread rations
 g - 8 meat rations
 h - 7 royal jellies


   Skills:
 - Level 9.1(14.1) Fighting
 - Level 11.5(16.5) Axes
 + Level 11.5(16.5) Armour
 - Level 4.0(9.0) Dodging
 - Level 6.1(11.1) Shields
 + Level 9.9 Invocations


You had 10 spell levels left.
You didn't know any spells.

Dungeon Overview and Level Annotations

Branches:
Dungeon (12/15)            Temple (1/1) D:7            Lair (0/6) D:11
    Orc (0/2) D:11

Altars:
Ashenzari
Cheibriados
Dithmenos
Elyvilon
Fedhas
Gozag
Hepliaklqana
Kikubaaqudgha
Makhleb
Nemelex Xobeh
Okawaru
Qazlal
Ru
Sif Muna
Trog
Uskayaw
Vehumet
Xom
Yredelemnul
Zin
The Shining One

Shops:
D:6 :   D:8 (


Innate Abilities, Weirdness & Mutations

You reflexively headbutt those who attack you in melee.
You have a pair of horns on your head.


Message History

The acid dragon is severely wounded.
You sock the acid dragon!
You kill the acid dragon!
Okawaru accepts your kill.
You sock the six-headed hydra!
The six-headed hydra is severely wounded.
You block the six-headed hydra's attack. x3
The six-headed hydra bites you!
* * * LOW HITPOINT WARNING * * *
The six-headed hydra bites you but does no damage. x2
You thump the six-headed hydra! You headbutt the six-headed hydra.
The six-headed hydra is almost dead.
You hit the six-headed hydra.
The six-headed hydra is almost dead.
You block the six-headed hydra's attack.
The six-headed hydra bites you!
* * * LOW HITPOINT WARNING * * *
The six-headed hydra closely misses you.
The six-headed hydra bites you.
You die...

#..................#
#..$...............#
#..................#
#..................#
#..................#
#.....######.......#
#.... #....#.......#
#... #....#.D.....#
#.... #......@.....# #.
...#............# #
...######.......#
................#
................# ######
........#.......# #.....
...#....#..........
#..... #....#...........
#.....
#....#............#.....


You could see a six-headed hydra.

Vanquished Creatures
  Snorg (D:10)
  Josephine (D:12)
  Harold (D:12)
  Erica (D:11)
  Sonja (D:11)
  A manticore (D:8)
  A gargoyle (D:11)
  A merfolk (D:10)
  Grinder (D:4)
  The ghost of Hasart the Changer, a novice FeTm of Sif Muna (D:6)
  3 hippogriffs
  2 shadows (D:11)
  A wyvern (D:9)
  Sigmund (D:4)
  4 wraiths
  6 yaks (D:11)
  Eustachio (D:5)
  2 vampire mosquitoes (D:11)
  A basilisk (D:11)
  A hungry ghost (D:8)
  Edmund (D:6)
  A water moccasin (D:9)
  Duvessa (D:4)
  2 acid dragons
  2 porcupines (D:11)
  2 orc warriors
  2 sky beasts
  A black bear (D:8)
  2 phantoms
  An ogre (D:10)
  4 centaurs
  2 crocodiles
  A bullfrog (D:6)
  Dowan (D:4)
  3 scorpions
  A water moccasin zombie (D:8)
  7 killer bees
  8 wights
  A howler monkey (D:11)
  3 crimson imps
  2 bullfrog zombies
  A quasit (D:7)
  A centaur skeleton (D:9)
  A bullfrog skeleton (D:4)
  A jelly (D:6)
  4 orc priests
  3 gnoll shamans
  5 hounds
  Natasha (D:2)
  3 iguanas
  8 orc wizards
  9 worker ants
  A hound zombie (D:7)
  4 hound skeletons
  A worker ant zombie (D:5)
  15 gnolls
  9 adders
  5 shadow imps
  2 oozes
  2 adder skeletons
  3 worms (D:2)
  2 dart slugs
  6 leopard geckos
  25 orcs
  A giant cockroach (D:1)
  5 goblins
  7 hobgoblins
  13 jackals
  5 kobolds
  9 quokkas
  A ball python (D:6)
  9 bats
  11 frilled lizards
  A leopard gecko skeleton (D:7)
  9 rats
  A butterfly (D:10)
264 creatures vanquished.

Vanquished Creatures (collateral kills)
  A shadow imp (D:11)
1 creature vanquished.

Vanquished Creatures (others)
  2 bushes (D:11)
  3 fungi (D:11)
  20 plants (D:11)
25 creatures vanquished.

Grand Total: 290 creatures vanquished

Notes
Turn   | Place    | Note
-------+----------+-------------------------------------------
     0 | D:1      | Ijustatesigmund the Minotaur Fighter began the quest for the Orb.
     0 | D:1      | Reached XP level 1. HP: 19/19 MP: 0/0
   206 | D:1      | Reached XP level 2. HP: 24/27 MP: 1/1
   450 | D:1      | Reached XP level 3. HP: 33/33 MP: 2/2
   517 | D:1      | Reached skill level 1 in Dodging
   770 | D:2      | Reached XP level 4. HP: 37/41 MP: 3/3
   949 | D:2      | Noticed Natasha
   951 | D:2      | Killed Natasha
  1030 | D:2      | You fall through a shaft for 2 floors!
  1156 | D:3      | Reached XP level 5. HP: 47/47 MP: 4/4
  1225 | D:3      | You fall through a shaft for 2 floors!
  1225 | D:5      | Entered Level 5 of the Dungeon
  1248 | D:5      | Noticed Eustachio
  1266 | D:5      | Killed Eustachio
  1266 | D:5      | Reached skill level 5 in Fighting
  1266 | D:5      | Reached skill level 5 in Axes
  1266 | D:5      | Reached XP level 6. HP: 39/56 MP: 5/5
  1541 | D:4      | Noticed Grinder
  1548 | D:4      | Paralysed by Grinder for 4 turns
  1553 | D:4      | Paralysed by Grinder for 3 turns
  1557 | D:4      | Killed Grinder
  1557 | D:4      | Reached XP level 7. HP: 34/62 MP: 6/6
  1906 | D:4      | Noticed Dowan
  1968 | D:3      | Found a snail-covered altar of Cheibriados.
  2850 | D:4      | Noticed Duvessa
  2853 | D:4      | Killed Duvessa
  2860 | D:4      | Killed Dowan
  2963 | D:4      | Noticed Sigmund
  2973 | D:4      | Killed Sigmund
  2973 | D:4      | Reached XP level 8. HP: 54/73 MP: 7/7
  3986 | D:6      | Noticed Hasart's ghost (novice FeTm)
  4004 | D:6      | Killed Hasart's ghost
  4026 | D:6      | Found Xyntyfeve's Book Emporium.
  4070 | D:6      | Reached skill level 10 in Axes
  4215 | D:6      | Reached XP level 9. HP: 33/82 MP: 8/8
  4440 | D:6      | Noticed Edmund
  4448 | D:6      | Killed Edmund
  5080 | D:7      | Found a staircase to the Ecumenical Temple.
  5089 | Temple   | Entered the Ecumenical Temple
  5167 | Temple   | Became a worshipper of Warmaster Okawaru
  5571 | D:8      | Reached skill level 1 in Invocations
  5579 | D:8      | Noticed a manticore
  5594 | D:8      | Killed a manticore
  5597 | D:8      | HP: 5/124 [shadow imp/nerve-wracking pain (9)]
  5970 | D:8      | Reached skill level 5 in Armour
  6084 | D:8      | Reached skill level 5 in Shields
  6110 | D:8      | Reached * piety under Okawaru
  6310 | D:8      | Found Soegutab's Antique Weapon Emporium.
  6632 | D:9      | Reached XP level 10. HP: 76/91 MP: 12/12
  6645 | D:9      | Reached skill level 5 in Invocations
  7027 | D:9      | Got a slimy pewter ring
  7029 | D:9      | Identified the cursed ring of Jutugesk {AC-4 Int+3} (You found it on level 9 of the Dungeon)
  7379 | D:10     | Entered Level 10 of the Dungeon
  7379 | D:10     | Noticed Snorg
  7393 | D:10     | HP: 1/91 [Snorg (8)]
  8146 | D:11     | Noticed a gargoyle
  8159 | D:11     | Killed a gargoyle
  8175 | D:11     | Found a staircase to the Orcish Mines.
  8176 | D:11     | Noticed Sonja
  8243 | D:11     | Reached ** piety under Okawaru
  8321 | D:11     | Killed Sonja
  8594 | D:11     | Noticed Erica
  8617 | D:11     | Killed Erica
  8617 | D:11     | Reached *** piety under Okawaru
  9488 | D:10     | Killed Snorg
  9488 | D:10     | Reached XP level 11. HP: 73/97 MP: 16/16
  9815 | D:10     | Got an encrusted flail
  9816 | D:10     | Identified the +5 flail "Buryl" {protect, rPois Dex+3} (You found it on level 10 of the Dungeon)
  9866 | D:10     | Reached skill level 10 in Armour
  9892 | D:11     | Reached **** piety under Okawaru
 10376 | D:11     | Found a staircase to the Lair.
 10709 | D:12     | Noticed Josephine
 10771 | D:12     | Killed Josephine
 10771 | D:12     | Received a gift from Okawaru
 10781 | D:12     | Noticed Harold
 10792 | D:12     | Killed Harold
 10808 | D:12     | Reached ***** piety under Okawaru
 11057 | D:12     | Noticed a six-headed hydra
 11082 | D:12     | HP: 2/97 [six-headed hydra (12)]
 11082 | D:12     | Slain by a six-headed hydra

Skill      XL: |  1  2  3  4  5  6  7  8  9 10 11 |
---------------+----------------------------------+-----
Axes           | 3 4 5 6 8 10 11 | 11.5
Fighting       | 4 5 7 8 9 |  9.1
Dodging        | 1 2 3 4 |  4.0
Invocations    | 4 8 9 |  9.9
Armour         | 5 9 11 | 11.5
Shields        | 5 6 |  6.1

Action                   |  1- 3 |  4- 6 |  7- 9 | 10-12 || total
-------------------------+-------+-------+-------+-------++-------
Melee: War axe           |    88 |    68 |   367 |   274 ||   797
       Headbutt          |    11 |    12 |    68 |    52 ||   143
       Flail             |       |       |       |    11 ||    11
Invok: Heroism           |       |       |       |     9 ||     9
       Finesse           |       |       |       |     1 ||     1
  Use: Scroll            |     4 |     4 |     7 |    12 ||    27
       Potion            |     2 |     2 |     8 |     7 ||    19
 Stab: Invisible         |       |       |       |     6 ||     6
  Eat: Chunk             |       |     2 |    17 |     5 ||    24
       Fruit             |       |       |       |     9 ||     9
       Royal jelly       |       |       |       |     2 ||     2
Armor: Scale mail        |    64 |    27 |   110 |    55 ||   256
Dodge: Dodged            |    30 |    28 |   131 |   175 ||   364
Block: Shield            |    55 |    39 |   144 |   172 ||   410
